AoeStats
← AOKI_GworK

Arabia

510281885Analyzed
1v1 RM · 1d ago on Sep 30, 2026· 44m 2s· 2 players
Game mode
Random Map
Map size
Tiny (2 player)
Population
200
Speed
Normal
Resources
Standard
Victory
Conquest
Starting age
Dark Age
Ending age
Imperial Age
RankedLock teamsTeams togetherTeam positionsShared explorationLock speedFull tech treeHidden civsTurbo modeCheats
Victory
Defeat
🇪🇸 Malians · Spain
1788
+20
🇫🇷 Ethiopians · France
1882
-20
Mataku
6:12 Loom
9:10 Feudal Age
10:42 Double-Bit Axe
16:53 Fletching
23:37 Castle Age
22:34 Gold Mining
23:39 Crossbowman
24:31 Bodkin Arrow
25:06 Padded Archer Armor
25:54 Ballistics
37:06 Leather Archer Armor
40:17 Wheelbarrow
AOKI_GworK
6:40 Loom
9:09 Feudal Age
9:11 Man-at-Arms
9:44 Double-Bit Axe
12:11 Arson
14:05 Fletching
16:14 Padded Archer Armor
18:56 Wheelbarrow
22:06 Castle Age
20:22 Gold Mining
20:20 Horse Collar
22:07 Crossbowman
22:42 Bodkin Arrow
23:15 Bow Saw
24:29 Heavy Plow
26:25 Gold Shaft Mining
28:00 Ballistics
43:11 Elite Skirmisher
Connection lost

Rejoining the realm…

Still unreachable

The connection could not be restored.

Session expired

The server has moved on; the page needs a fresh start.